 Dungeon Crawl Stone Soup version 0.22.1-1-ga44c0e5 (webtiles) character file.

74 dvd the Cudgeler (level 4, -1/29 HPs)
             Began as a Gargoyle Monk on Oct 17, 2018.
             Slain by a gnoll
             ... wielding a +0 flail
              (3 damage)
             ... on level 3 of the Dungeon.
             The game lasted 00:03:05 (1468 turns).

dvd the Cudgeler (Gargoyle Monk)                    Turns: 1468, Time: 00:03:05

Health: -1/29      AC:  8    Str: 15    XL:     4   Next: 30%
Magic:  4/4        EV: 12    Int: 10    God:
Gold:   76         SH:  0    Dex: 13    Spells: 3/3 levels left

rFire    + . .     SeeInvis .   a - +0 mace
rCold    x . .     Gourm    .   (no shield)
rNeg     + . .     Faith    .   t - +0 ring mail
rPois    ∞         Spirit   .   (no helmet)
rElec    +         Reflect  .   (no cloak)
rCorr    .         Harm     .   (no gloves)
MR       .....     Rnd*Tele +   (no boots)
Stlth    +.........             (no amulet)
HPRegen  0.09/turn              o - ring of teleportation (curse)
MPRegen  0.09/turn              r - ring of fire (curse)

@: no status effects
A: negative energy resistance 1, electricity resistance, unbreathing,
petrification resistance, rot immunity, AC +3
a: no special abilities


You were on level 3 of the Dungeon.
You were not hungry.

You visited 1 branch of the dungeon, and saw 3 of its levels.

You collected 76 gold pieces.

Inventory:

Hand Weapons
 a - a +0 mace (weapon)
Armour
 b - a +0 robe
 s - a +0 plate armour
 t - a +0 ring mail (worn)
Jewellery
 o - a cursed ring of teleportation (left hand)
 r - a cursed ring of fire (right hand)
Scrolls
 d - 6 scrolls of identify {unknown}
 e - 2 scrolls of magic mapping {unknown}
 g - 2 scrolls of remove curse {unknown}
 h - a scroll of enchant weapon {unknown}
 k - a scroll of blinking {unknown}
Potions
 i - a potion of cancellation {unknown}
 j - 2 potions of ambrosia {unknown}
 l - 2 potions of agility {unknown}
 m - a potion of degeneration {unknown}
 n - a potion of haste {unknown}
 p - a potion of might {unknown}
 q - a potion of lignification {unknown}
 u - a potion of heal wounds {unknown}
Comestibles
 c - 3 rations
 f - 4 chunks of flesh


   Skills:
 + Level 3.7 Fighting
 + Level 3.9 Maces & Flails
 + Level 0.1 Armour
 + Level 3.0 Dodging
 + Level 2.7 Stealth


You had 3 spell levels left.
You didn't know any spells.
Your spell library was empty.

Dungeon Overview and Level Annotations

Branches:
Dungeon (2/15)

Altars:


Innate Abilities, Weirdness & Mutations

You are resistant to torment.
Your stone body is resilient. (AC +3)
You are immune to poison.
You resist negative energy. (rN+)
You are resistant to electric shocks. (rElec)
You can survive without breathing.
You are immune to petrification.
You are immune to rotting.


Message History

The gnoll barely misses you.
Your ring mail prevents you from hitting the gnoll.
The gnoll is almost dead.
The gnoll hits you with a flail! The gnoll hits you with a spear.
* * * LOW HITPOINT WARNING * * *
You hit the gnoll but do no damage. The gnoll hits you with a spear.
* * * LOW HITPOINT WARNING * * *
The gnoll hits you but does no damage. The gnoll closely misses you.
You hit the gnoll.
The gnoll is lightly wounded.
The gnoll hits you but does no damage.
You hit the gnoll.
The gnoll is moderately wounded.
The gnoll hits you with a flail.
* * * LOW HITPOINT WARNING * * *
You sock the gnoll!
The gnoll is severely wounded.
The gnoll hits you with a flail.
You die...

# #.
###)###
#.....#
#g# #.###
#..g#
..##.###g#
#......@.#
#####.####
.. ##


You could see 2 gnolls.

Vanquished Creatures
  3 adders (D:2)
  A worm (D:2)
  2 leopard geckos (D:1)
  5 goblins (D:1)
  3 hobgoblins
  4 jackals (D:2)
  8 kobolds
  10 bats
  2 frilled lizards
  7 rats
45 creatures vanquished.

Notes
Turn   | Place    | Note
-------+----------+-------------------------------------------
     0 | D:1      | dvd the Gargoyle Monk began the quest for the Orb.
     0 | D:1      | Reached XP level 1. HP: 14/14 MP: 1/1
   173 | D:1      | Reached XP level 2. HP: 17/19 MP: 2/2
   800 | D:1      | Reached XP level 3. HP: 22/23 MP: 3/3
  1223 | D:2      | Reached XP level 4. HP: 29/29 MP: 4/4
  1454 | D:2      | You fall through a shaft!
  1468 | D:3      | Slain by a gnoll

Skill      XL: |  1  2  3  4 |
---------------+-------------+-----
Dodging        | 3 |  3.0
Fighting       | |  3.7
Maces & Flails | |  3.9
Armour         | |  0.1
Stealth        | |  2.7

Action                   |  1- 3 |  4- 6 || total
-------------------------+-------+-------++-------
Melee: Mace              |   121 |    50 ||   171
 Stab: Sleeping          |     7 |     2 ||     9
  Eat: Chunk             |     1 |     1 ||     2
Armor: Robe              |    46 |       ||    46
       Plate armour      |    11 |       ||    11
       Ring mail         |     1 |    24 ||    25
Dodge: Dodged            |    90 |    29 ||   119
